 Dungeon Crawl Stone Soup version 0.30-a0-722-g3e6e8c874d (webtiles) character file.

Game seed: 14658877131787030111

120058 Pooter the Severer (level 16, -7/142 (147) HPs)
             Began as a Minotaur Hunter on Jan 27, 2023.
             Was a High Priest of Trog.
             Blown up by an orb spider (60 damage)
             ... with an orb of destruction
             ... on level 3 of the Spider Nest.
             The game lasted 02:51:44 (38152 turns).

Pooter the Severer (Minotaur Hunter)               Turns: 38152, Time: 02:51:45

HP:   -7/142 (147)  AC: 29    Str: 27    XL:     16   Next: 29%
MP:   24/24         EV: 10    Int:  9    God:    Trog [*****.]
Gold: 486           SH:  0    Dex: 15    Spells: 15/15 levels left

rFire   . . .      SeeInvis +    b - +4 arbalest
rCold   . . .      Faith    .    (shield currently unavailable)
rNeg    . . .      Spirit   .    z - +6 plate armour {rPois}
rPois   +          Reflect  .    X - +1 hat
rElec   +          Harm     +    V - +1 cloak {Will+}
rCorr   +          Rampage  .    e - +0 pair of gloves {hurl}
Will    ++++.      Clarity  +    w - +2 pair of boots of Jevum {rElec rCorr MP+9} Stlth
                                 H - amulet of Usawitaq {Harm Regen+ Dex+3}
HPRegen 1.23/turn                E - ring "Ymmeocaoz" {rElec Will+ Int+3 Dex-5 SInv}
MPRegen 0.19/turn                Q - +6 ring of strength

@: on berserk cooldown, slowed, lightly drained, very slow
A: horns 2, retaliatory headbutt, iridescent scales 1, clarity, strong-willed 1,
electricity resistance
a: Renounce Religion, Berserk, Trog's Hand, Brothers in Arms


You were on level 3 of the Spider Nest.
You worshipped Trog.
Trog was extremely pleased with you.
You visited 5 branches of the dungeon, and saw 26 of its levels.
You also visited: Gauntlet.

You collected 4614 gold pieces.
You spent 4128 gold pieces at shops.

Inventory:

Hand Weapons
 a - a +2 heavy battleaxe
   (You took it off an orc warrior on level 2 of the Orcish Mines)
 b - a +4 arbalest (weapon)
   (You bought it in a shop on level 14 of the Dungeon)
 c - a +2 vampiric executioner's axe
   (Trog gifted it to you on level 13 of the Dungeon)
 U - the +7 great mace "Firestarter" {flame, inner flame, rFlCloud rF++}
   (You bought it in a shop on level 2 of the Orcish Mines)

   rFlCloud:  It grants immunity to clouds of flame.
   rF:        It greatly protects you from fire.
Missiles
 x - 3 silver javelins
 A - 4 javelins
 J - 10 curare-tipped darts
 M - 14 boomerangs
Armour
 e - a +0 pair of gloves of hurling (worn)
   (You found it in a Gauntlet)
 w - the +2 pair of boots of Jevum (worn) {rElec rCorr MP+9}
   (You found it in a Gauntlet)

   rElec:     It insulates you from electricity.
   MP:        It affects your magic capacity (+9).
   rCorr:     It protects you from acid and corrosion.
 z - a +6 plate armour of poison resistance (worn)
   (You took it off an orc warrior on level 2 of the Orcish Mines)
 V - a +1 cloak of willpower (worn)
   (You took it off Maurice on level 8 of the Dungeon)
 X - a +1 hat (worn)
   (You took it off Gastronok on level 1 of the Orcish Mines)
Jewellery
 o - an amulet of reflection
   (You took it off a hobgoblin on level 2 of the Dungeon)
 C - a ring of resist corrosion
   (You found it on level 2 of the Spider Nest)
 E - the ring "Ymmeocaoz" (left hand) {rElec Will+ Int+3 Dex-5 SInv}
   (You found it on level 14 of the Dungeon)

   [ring of see invisible]

   Int:       It affects your intelligence (+3).
   Dex:       It affects your dexterity (-5).
   rElec:     It insulates you from electricity.
   SInv:      It lets you see invisible.
   Will:      It increases your willpower.
 G - an amulet of guardian spirit
   (You found it on level 7 of the Dungeon)
 H - the amulet of Usawitaq (around neck) {Harm Regen+ Dex+3}
   (You acquired it on level 3 of the Dungeon)

   [amulet of regeneration]

   Dex:       It affects your dexterity (+3).
   Regen:     It increases your rate of health regeneration.
   Harm:      It increases damage dealt and taken.
 I - a ring of protection from cold
   (You found it on level 14 of the Dungeon)
 Q - a +6 ring of strength (right hand)
   (You found it on level 3 of the Lair of Beasts)
 S - the ring of Cemnobih {Fly Str+9}
   (You found it in a Gauntlet)

   [ring of flight]

   Str:       It affects your strength (+9).
   Fly:       It grants you flight.
Wands
 f - a wand of flame (56)
   (You found it on level 6 of the Dungeon)
 i - a wand of polymorph (10)
   (You found it on level 6 of the Dungeon)
 l - a wand of charming (7)
   (You bought it in a shop on level 8 of the Dungeon)
 p - a wand of roots (18)
   (You bought it in a shop on level 8 of the Dungeon)
 D - a wand of digging (22)
   (You took it off Maurice on level 8 of the Dungeon)
 P - a wand of mindburst (11)
   (You took it off a wight on level 8 of the Dungeon)
 W - a wand of quicksilver (7)
   (You found it on level 10 of the Dungeon)
Scrolls
 d - 6 scrolls of immolation {!r}
 h - 6 scrolls of noise {!r}
 j - 7 scrolls of fog
 q - 7 scrolls of magic mapping
 r - 3 scrolls of silence
 t - 11 scrolls of teleportation {@r4}
 F - 6 scrolls of poison
 K - 6 scrolls of fear
 O - a scroll of summoning
 R - 3 scrolls of blinking
Potions
 g - 4 potions of flight
 k - 9 potions of heal wounds {@q2}
 m - 10 potions of curing {@q1}
 n - 3 potions of attraction {!q}
 s - 8 potions of might
 u - a potion of haste {@q3}
 v - 3 potions of lignification {!q}
 y - 5 potions of cancellation
 B - a potion of invisibility
 L - 6 potions of mutation {!q}
 T - 2 potions of resistance
Miscellaneous
 N - a phial of floods
   (You found it on level 9 of the Dungeon)
 Y - a condenser vane
   (You bought it in a shop on level 8 of the Dungeon)
 Z - a tin of tremorstones (2/2)
   (You bought it in a shop on level 8 of the Dungeon)


   Skills:
 + Level 14.8 Fighting
 - Level 20.0(20.3) Axes
 * Level 6.0(14.3) Maces & Flails
 - Level 17.4 Ranged Weapons
 + Level 7.9 Armour
 + Level 6.2 Dodging
 - Level 4.8 Stealth
 - Level 9.0 Evocations


You had 15 spell levels left.
You didn't know any spells.
Your spell library was empty.

Dungeon Overview and Level Annotations

Branches:
Dungeon (15/15)            Temple (1/1) D:5            Lair (5/5) D:11
  Swamp (0/4) Lair:3       Spider (3/4) Lair:3        Slime (0/5) Lair:4
    Orc (2/2) D:10            Elf (0/3) Orc:2        Vaults (0/5) D:13
 Depths (0/4) D:15        Gauntlet (visited)

Altars:
Ashenzari
Dithmenos
Elyvilon
Fedhas
Gozag
Hepliaklqana
Nemelex Xobeh
Qazlal
Ru
Sif Muna
Trog
Uskayaw
Vehumet
Wu Jian
Xom
Yredelemnul
Zin
The Shining One
Jiyva
Lugonu

Shops:
D:3 ?   D:6 ?   D:8 *   D:13 **   D:14 (   Orc:2 =(*[*:


Innate Abilities, Weirdness & Mutations

You have a pair of horns on your head.
You reflexively headbutt those who attack you in melee.
You are partially covered in iridescent scales. (AC +2)
You possess an exceptional clarity of mind.
You are strong-willed. (Will+)
You are resistant to electric shocks. (rElec)


Message History

You barely miss the orb spider. You barely miss the orb spider.
You headbutt the orb spider! You bludgeon the orb spider!!
You burn the orb spider.
You kill the orb spider!
Trog accepts your kill.
The orb spider weaves a glowing orb of energy.
The jumping spider pounces on you but does no damage.
The jumping spider bites you but does no damage.
An orb of destruction comes into view.
The jumping spider attacks as you move away!
The jumping spider pounces on you but does no damage.
The jumping spider bites you but does no damage.
Things that are here:
a +0 hand axe of electrocution; a +0 leather armour; a jumping spider corpse The jumping spider attacks as you move away!
The jumping spider pounces on you! The jumping spider bites you.
You feel a strong urge to attack something.
You are no longer berserk.
You are exhausted.
You feel yourself slow down.
The jumping spider leaps!
Items here: )) [[ †.
The jumping spider attacks as you move away!
The jumping spider pounces on you but does no damage.
The jumping spider bites you but does no damage.
The orb of destruction hits the jumping spider!!!
The jumping spider is blown up!
Your inner flame fades away.
a - a +2 heavy battleaxe (weapon)
You are engulfed in blazing flames.
No reachable target in view!
No reachable target in view!
b - a +4 arbalest (weapon)
You are engulfed in blazing flames.
You shoot a bolt. The bolt closely misses the orb spider.
You are engulfed in blazing flames.
Ouch! That really hurt!
* * * LOW HITPOINT WARNING * * *
The orb spider pulsates with a strange energy.
You are too injured to fight recklessly!
Fire: b) +4 arbalest
Aim: an orb spider (fully charged, 73% to hit)
You shoot a bolt. The bolt hits the orb spider!!
The orb spider weaves a glowing orb of energy.
An orb of destruction comes into view.
Fire: b) +4 arbalest
Aim: an orb spider (severely wounded, 73% to hit)
You shoot a bolt. The bolt barely misses the orb spider.
The orb of destruction hits you!!!
You die...

### .# ..# #.## ..# #..
.. #### #.## ##.#.....
#..### #........
#....###........
######....°○○s..$....
###..<......@###†......
#..†.####....# .......
#.....##....## #......
#....##..#..# ......
###..#..###.# #^....
###.^## #.# #....
#....## ### ####.# #.#


You could see an orb spider.

Vanquished Creatures
  The ghost of Valamore the Thaumaturge, an adept DrEE of Vehumet (Spider:2)
  Gastronok (Orc:1)
  3 emperor scorpions
  2 ghost moths
  2 orc warlords (Orc:1)
  A minotaur (Gauntlet)
  A spark wasp (Spider:2)
  The ghost of Mingoeph the Nimble, a journeyman MfHu (D:13)
  Snorg (D:12)
  3 entropy weavers
  Fannar (Lair:3)
  2 catoblepae
  A jorogumo (Spider:3)
  A vault guard (D:13)
  An ogre mage (D:15)
  7 centaur warriors
  A death scarab (Spider:2)
  6 two-headed ogres
  4 boulder beetles
  A tengu warrior (D:13)
  2 spectral emperor scorpions (Spider:2)
  An orc high priest (Orc:2)
  Nergalle (Lair:3)
  8 skeletal warriors (D:14)
  A fire crab (shapeshifter) (D:14)
  4 sixfirhies (Gauntlet)
  3 pharaoh ants
  A death drake (Gauntlet)
  5 spectral wolf spiders
  A glowing orange brain (D:15)
  4 orb spiders
  6 orc knights
  2 wizards
  6 orc sorcerers
  2 deep elf pyromancers
  2 manticores
  7 ugly things
  4 cyclopes
  An oklob plant (D:11)
  3 wolf spiders (Spider:2)
  2 centaur zombies (Gauntlet)
  5 black mambas
  Maurice (D:8)
  2 demonic crawlers
  3 elephants
  A smoke demon (Gauntlet)
  A torpor snail (Lair:5)
  2 gargoyles
  4 komodo dragons
  9 cane toads
  5 rime drakes
  5 kobold demonologists
  A spectral redback (Gauntlet)
  A freezing wraith (D:15)
  4 meliai
  A queen bee (shapeshifter) (D:14)
  8 polar bears
  8 trolls
  A merfolk (shapeshifter) (D:15)
  2 wolf spider simulacra (Spider:2)
  8 hornets
  6 tarantellas
  7 dream sheep (Lair:5)
  7 blink frogs
  8 jumping spiders
  12 slime creatures
  7 culicivoras
  15 spriggans (Lair:5)
  A wraith (D:13)
  54 yaks
  A yak (shapeshifter) (D:14)
  7 wyverns
  2 fire bats (Lair:3)
  Grum (D:8)
  9 basilisks
  A fire elemental (Lair:3)
  A spectral entropy weaver (Spider:2)
  27 redbacks
  8 vampire mosquitoes
  Menkaure (D:5)
  2 wargs
  2 swamp worms (Gauntlet)
  6 water moccasins
  A swamp drake (D:10)
  5 black bears
  3 ice beasts (D:6)
  24 orc warriors
  A sky beast (D:8)
  38 wolves
  9 ogres
  4 boggarts (Lair:5)
  17 centaurs
  3 kobold brigands
  A gnoll sergeant (D:6)
  16 bullfrogs
  A necrophage (D:7)
  10 wights
  A killer bee (D:10)
  4 howler monkeys (D:10)
  12 electric eels
  3 crimson imps (Gauntlet)
  2 hounds (D:5)
  15 jellies
  3 gnoll boudas
  19 orc priests
  4 iguanas
  21 orc wizards
  7 hell rats (Lair:2)
  11 gnolls
  8 adders
  A shadow imp (D:8)
  3 white imps
  An ufetubus (D:4)
  A worm (D:2)
  2 dart slugs
  57 orcs
  4 endoplasms
  A giant cockroach (D:2)
  7 goblins
  3 hobgoblins
  3 quokkas
  2 ball pythons
  12 bats
  2 frilled lizards
  27 kobolds
  A rat (D:3)
  2 ball lightnings (Spider:2)
736 creatures vanquished.

Vanquished Creatures (collateral kills)
  5 two-headed ogres (D:15)
  A tengu conjurer (D:15)
  An ogre (D:15)
7 creatures vanquished.

Vanquished Creatures (others)
  A deep elf pyromancer (D:15)
  A jumping spider (Spider:3)
  A ball lightning (Spider:2)
  22 fungi
  37 plants
62 creatures vanquished.

Grand Total: 805 creatures vanquished

Notes
Turn   | Place    | Note
-------+----------+-------------------------------------------
     0 | D:1      | Pooter the Minotaur Hunter began the quest for the Orb.
     0 | D:1      | Reached XP level 1. HP: 18/18 MP: 0/0
   130 | D:1      | Found a faded altar of an unknown god.
   842 | D:2      | Found a glowing golden altar of the Shining One.
   847 | D:2      | Reached skill level 1 in Axes
   847 | D:2      | Reached skill level 1 in Stealth
   847 | D:2      | Reached XP level 2. HP: 25/25 MP: 1/1
   987 | D:2      | Reached XP level 3. HP: 26/30 MP: 2/2
  1265 | D:2      | Reached skill level 2 in Axes
  1664 | D:3      | Reached skill level 5 in Ranged Weapons
  1715 | D:3      | Found a shimmering blue altar of Sif Muna.
  1941 | D:3      | Found an opulent altar of Gozag.
  2023 | D:3      | Found Boitrory's Magic Scroll Emporium.
  2036 | D:3      | Bought a scroll of identify for 28 gold pieces
  2036 | D:3      | Bought a scroll of noise for 14 gold pieces
  2491 | D:4      | Reached XP level 4. HP: 38/38 MP: 3/3
  3087 | D:4      | Noticed a bullfrog
  3093 | D:4      | Killed a bullfrog
  3094 | D:4      | Reached skill level 3 in Axes
  3094 | D:4      | Reached XP level 5. HP: 27/45 MP: 4/4
  3505 | D:5      | Entered Level 5 of the Dungeon
  3539 | D:5      | Found a radiant altar of Vehumet.
  3777 | D:5      | Found a staircase to the Ecumenical Temple.
  3783 | Temple   | Entered the Ecumenical Temple
  3795 | Temple   | Became a worshipper of Trog the Wrathful
  3935 | D:3      | Bought a scroll of blinking for 105 gold pieces
  3964 | D:5      | Noticed Menkaure
  3969 | D:5      | Killed Menkaure
  3970 | D:5      | Reached skill level 4 in Axes
  3970 | D:5      | Reached XP level 6. HP: 32/52 MP: 5/5
  4400 | D:5      | Reached XP level 7. HP: 55/59 MP: 6/6
  4633 | D:6      | Reached skill level 5 in Axes
  4754 | D:6      | Found Wemoof's Magic Scroll Emporium.
  4763 | D:6      | Bought a scroll of identify for 24 gold pieces
  4763 | D:6      | Bought a scroll of identify for 24 gold pieces
  5194 | D:6      | Reached skill level 6 in Axes
  5375 | D:6      | Reached skill level 5 in Fighting
  5375 | D:6      | Reached XP level 8. HP: 46/68 MP: 7/7
  5458 | D:6      | Reached * piety under Trog
  6655 | D:7      | Reached skill level 7 in Axes
  6706 | D:7      | Identified the ring "Ejagacirr" {rPois Int+6 Dex+3}
  6737 | D:7      | Found a blossoming altar of Fedhas.
  6747 | D:7      | Found a broken altar of Ashenzari.
  6752 | D:7      | Found a sacrificial altar of Ru.
  7177 | D:7      | Reached skill level 8 in Axes
  7177 | D:7      | Reached XP level 9. HP: 75/75 MP: 8/8
  7523 | D:3      | Bought a scroll of enchant weapon for 105 gold pieces
  8211 | D:8      | Found Ytoj's Gadget Gallery.
  8492 | D:8      | Reached ** piety under Trog
  8608 | D:8      | Noticed Maurice
  8612 | D:8      | Killed Maurice
  8613 | D:8      | Reached skill level 9 in Axes
  8782 | D:8      | Noticed Grum
  8797 | D:8      | Reached skill level 10 in Ranged Weapons
  8797 | D:8      | Reached skill level 1 in Evocations
  8797 | D:8      | Killed Grum
  9322 | D:9      | Reached XP level 10. HP: 86/86 MP: 9/9
  9372 | D:9      | Reached skill level 10 in Axes
  9745 | D:9      | Found a hazy altar of Hepliaklqana.
  9953 | D:9      | Found a sparkling altar of Nemelex Xobeh.
 10080 | D:9      | Noticed Prince Ribbit
 10081 | D:9      | Prince Ribbit changed into Prince Ribbit the meliai
 10081 | D:9      | Noticed Prince Ribbit
 10086 | D:9      | Killed Prince Ribbit the meliai
 10324 | D:10     | Entered Level 10 of the Dungeon
 10685 | D:10     | Reached skill level 11 in Axes
 10770 | D:10     | Noticed a two-headed ogre
 10776 | D:10     | Killed a two-headed ogre
 11086 | D:10     | Found a stormy altar of Qazlal.
 11115 | D:10     | Identified the +2 kite shield "Sycouck" {rElec rC++ Str+2
                  | Dex-3}
 11637 | D:10     | Reached XP level 11. HP: 85/95 MP: 10/10
 11872 | D:10     | Found a staircase to the Orcish Mines.
 11909 | Orc:1    | Entered Level 1 of the Orcish Mines
 11909 | Orc:1    | Noticed a two-headed ogre
 11919 | D:10     | Killed a two-headed ogre
 11920 | D:10     | Reached skill level 12 in Axes
 11972 | Orc:1    | Noticed Gastronok
 11990 | Orc:1    | Killed Gastronok
 12297 | D:8      | Bought a condenser vane for 480 gold pieces
 12451 | Orc:2    | Entered Level 2 of the Orcish Mines
 12451 | Orc:2    | Noticed an orc warlord
 12451 | Orc:2    | Found Cuter's Mayhem Merchandise.
 12679 | Orc:1    | Killed an orc warlord
 12775 | Orc:2    | Found Lupanias's Book Shop.
 12871 | Orc:2    | Noticed an orc high priest
 12880 | Orc:2    | Noticed an orc knight
 13609 | Orc:2    | Noticed an orc knight
 13609 | Orc:2    | Noticed an orc sorcerer
 13690 | Orc:1    | Upgraded the game from 0.30-a0-719-gcc4359ea44 to
                  | 0.30-a0-722-g3e6e8c874d
 13691 | Orc:2    | Paralysed by an orc sorcerer for 3 turns
 13703 | Orc:1    | Killed an orc knight
 13704 | Orc:1    | Reached skill level 13 in Axes
 13746 | Orc:2    | Killed an orc sorcerer
 13906 | Orc:2    | Noticed an orc knight
 13916 | Orc:2    | Killed an orc knight
 13917 | Orc:2    | Reached skill level 5 in Evocations
 13979 | Orc:2    | Noticed an orc knight
 13988 | Orc:2    | Killed an orc knight
 14983 | Orc:2    | Noticed an orc sorcerer
 14992 | Orc:2    | Killed an orc sorcerer
 16010 | Orc:2    | Reached XP level 12. HP: 105/105 MP: 11/11
 16026 | Orc:2    | Reached skill level 10 in Fighting
 16723 | Orc:2    | Killed an orc high priest
 16877 | Orc:2    | Noticed an orc warlord
 16917 | Orc:1    | Killed an orc warlord
 17024 | Orc:2    | Reached skill level 14 in Axes
 17711 | Orc:2    | Found Erotem's Antique Weapon Shop.
 17727 | Orc:2    | Found Xaum's Antique Armour Shop.
 17755 | Orc:2    | Found Jeushril's General Store.
 17761 | Orc:2    | Bought a scroll of magic mapping for 82 gold pieces
 17761 | Orc:2    | Bought a potion of heal wounds for 55 gold pieces
 17770 | Orc:2    | Found Ucvain's Jewellery Shop.
 17872 | Orc:2    | Found a staircase to the Elven Halls.
 18262 | D:11     | Found a staircase to the Lair.
 18299 | Lair:1   | Entered Level 1 of the Lair of Beasts
 18481 | Lair:1   | Identified the +1 quarterstaff "Hufiutol" {flame, Dex+4}
 18633 | D:8      | Bought a tin of tremorstones (2/2) for 480 gold pieces
 19026 | Lair:1   | Reached skill level 15 in Axes
 19462 | Lair:2   | Reached *** piety under Trog
 19465 | Lair:2   | Reached skill level 16 in Axes
 21057 | Lair:3   | Reached XP level 13. HP: 103/114 MP: 12/12
 21125 | Lair:3   | Reached skill level 17 in Axes
 21174 | Lair:3   | Noticed Fannar
 21182 | Lair:3   | Killed Fannar
 21316 | Lair:3   | Found a hole to the Spider Nest.
 21926 | Lair:3   | Found a staircase to the Swamp.
 21930 | Lair:3   | Noticed Nergalle
 21935 | Lair:3   | Killed Nergalle
 21936 | Lair:3   | Reached skill level 18 in Axes
 22149 | Lair:3   | Gained mutation: You are clumsy. (Dex -2) [potion of
                  | mutation]
 22149 | Lair:3   | Gained mutation: Your system is resistant to poisons.
                  | (rPois) [potion of mutation]
 22149 | Lair:3   | Gained mutation: Your mind is acute. (Int +4, Str/Dex -1)
                  | [potion of mutation]
 22150 | Lair:3   | Lost mutation: Your mind is acute. (Int +4, Str/Dex -1)
                  | [potion of mutation]
 22150 | Lair:3   | Lost mutation: Your system is resistant to poisons. (rPois)
                  | [potion of mutation]
 22150 | Lair:3   | Gained mutation: You have large cloven feet. [potion of
                  | mutation]
 22151 | Lair:3   | Lost mutation: You have large cloven feet. [potion of
                  | mutation]
 22151 | Lair:3   | Lost mutation: You are clumsy. (Dex -2) [potion of
                  | mutation]
 22151 | Lair:3   | Gained mutation: You possess an exceptional clarity of
                  | mind. [potion of mutation]
 22151 | Lair:3   | Gained mutation: You are partially covered in iridescent
                  | scales. (AC +2) [potion of mutation]
 22151 | Lair:3   | Gained mutation: You are strong-willed. (Will+) [potion of
                  | mutation]
 22151 | Lair:3   | Gained mutation: You are resistant to electric shocks.
                  | (rElec) [potion of mutation]
 22252 | Lair:3   | Reached **** piety under Trog
 22603 | D:3      | Bought a scroll of brand weapon for 133 gold pieces
 23607 | Lair:4   | Found a viscous altar of Jiyva.
 23607 | Lair:4   | Found a staircase to the Slime Pits.
 23618 | Lair:4   | Reached skill level 19 in Axes
 23783 | Lair:4   | Identified the +4 short sword of Wyrd {flame, Str+4 SInv}
 23821 | Lair:4   | Noticed Nessos
 23822 | Lair:4   | Nessos changed into Nessos the cyclops
 23822 | Lair:4   | Noticed Nessos
 23825 | Lair:4   | Killed Nessos the cyclops
 24154 | D:8      | Bought a wand of roots (4) for 115 gold pieces
 24622 | Lair:5   | Entered Level 5 of the Lair of Beasts
 24697 | Lair:5   | Reached skill level 20 in Axes
 24883 | Lair:5   | Identified the +4 spear of the Sky {flame, Str+6}
 25030 | Lair:5   | Reached ***** piety under Trog
 25234 | Lair:5   | Reached XP level 14. HP: 112/122 MP: 13/13
 25925 | Lair:5   | Identified the +3 leather armour "Hoidghey" {rC+ Int+3}
 25925 | Lair:5   | Identified the +7 dagger of Destruction {freeze, rPois
                  | Int-3 Stlth+}
 26916 | D:11     | Reached skill level 15 in Ranged Weapons
 27490 | D:12     | Noticed Snorg
 27501 | D:12     | Killed Snorg
 27528 | D:12     | Found a corrupted altar of Lugonu.
 27560 | D:12     | Found a gate leading to a gauntlet.
 27587 | Gauntlet | Entered a Gauntlet
 27587 | Gauntlet | Found a transporter.
 27608 | Gauntlet | Found a transporter.
 27608 | Gauntlet | Found a transporter.
 27608 | Gauntlet | Found a transporter.
 27621 | Gauntlet | Found a transporter.
 27622 | Gauntlet | Found a transporter.
 27622 | Gauntlet | Found a transporter.
 27642 | Gauntlet | Found a transporter.
 27642 | Gauntlet | Found a transporter.
 27642 | Gauntlet | Found a transporter.
 27650 | Gauntlet | Identified the ring of Cemnobih {Fly Str+9}
 27657 | Gauntlet | Found a transporter.
 27763 | Gauntlet | Found a transporter.
 27763 | Gauntlet | Found a transporter.
 27766 | Gauntlet | Identified the +2 pair of boots of Jevum {rElec rCorr MP+9}
 27834 | Gauntlet | Found a transporter.
 28502 | D:13     | Found a gate to the Vaults.
 28610 | D:13     | Received a gift from Trog
 28675 | D:13     | Found Sapsasch's Specific Store.
 28676 | D:13     | Found Honol's General Store.
 28686 | D:13     | Bought 3 curare-tipped darts for 68 gold pieces
 28737 | D:13     | Found a large runed translucent door.
 28737 | D:13     | Found a large runed translucent door.
 29187 | D:13     | Noticed Mingoeph's ghost (journeyman MfHu)
 29199 | D:13     | Killed Mingoeph's ghost
 29526 | D:14     | Reached XP level 15. HP: 51/134 MP: 14/14
 29557 | D:14     | HP: 9/201 [fire elemental[a deep elf pyromancer] (11)]
 29789 | D:14     | Found Oclijuu's Antique Weapon Shoppe.
 29793 | D:14     | Identified the ring "Ymmeocaoz" {rElec Will+ Int+3 Dex-5
                  | SInv}
 29801 | D:14     | Bought a glowing arbalest for 150 gold pieces
 30360 | D:14     | Identified the +5 flail of Viejok {drain, +Blink Int+4
                  | Dex+2}
 31120 | D:15     | Entered Level 15 of the Dungeon
 31811 | D:15     | Reached skill level 1 in Armour
 32540 | D:15     | Found a staircase to the Depths.
 32739 | D:15     | Reached skill level 5 in Armour
 32910 | Spider:1 | Entered Level 1 of the Spider Nest
 32910 | Spider:1 | Noticed an emperor scorpion
 32920 | Lair:3   | Killed an emperor scorpion
 34458 | Spider:1 | Noticed an emperor scorpion
 34466 | Spider:1 | Killed an emperor scorpion
 34749 | D:8      | Bought a wand of charming (7) for 201 gold pieces
 35053 | Spider:1 | Identified a scroll of acquirement
 35067 | Spider:1 | Acquired 889 gold pieces
 35311 | D:6      | Bought a scroll of acquirement for 624 gold pieces
 35311 | D:6      | Acquired 1207 gold pieces
 35465 | Orc:2    | Bought the +7 great mace "Firestarter" {flame, inner flame,
                  | rFlCloud rF++} for 712 gold pieces
 35465 | Orc:2    | Found the +7 great mace "Firestarter" {flame, inner flame,
                  | rFlCloud rF++}
 35673 | D:3      | Bought a scroll of acquirement for 728 gold pieces
 35673 | D:3      | Acquired the amulet of Usawitaq {Harm Regen+ Dex+3}
 35961 | Spider:1 | Reached skill level 1 in Maces & Flails
 36123 | Spider:1 | Reached skill level 5 in Dodging
 36699 | Spider:2 | Paralysed by a hornet for 1 turns
 36963 | Spider:2 | Found a transporter.
 36980 | Spider:2 | Reached XP level 16. HP: 147/147 MP: 15/15
 37253 | Spider:2 | Found a transporter.
 37255 | Spider:2 | Noticed Valamore's ghost (adept DrEE)
 37997 | Spider:2 | Reached skill level 5 in Maces & Flails
 38007 | Spider:2 | Killed Valamore's ghost
 38152 | Spider:3 | Blown up by an orb spider

Illustrated notes

Levels and vault maps discovered:
D:1:      lemuel_arrival_muddy, layout_basic,
          ebering_ecumenical_altar_sacrificial
D:2:      layout_basic, basic_altar
D:3:      layout_loops_ring, nicolae_overflow_crystal_walls,
          mainiacjoe_overflow_paths, serial_shops, nicolae_shop_waterfront
D:4:      layout_layer_cave
D:5:      layout_loops_cross, marbit_many_paths, minmay_temple_entry_trees,
          minmay_fractal_squares_gapless_5, uniq_menkaure
D:6:      black_bear_nest_2, layout_layer_cave, serial_shops, shop,
          grunt_ministairs_11
D:7:      layout_loops_corners, chequers_temple_overflow_statue_of_worship,
          dreamdust_gnoll_shepherd
D:8:      hangedman_cross_stitches, layout_loops_cross, kennysheep_small_spiral,
          nicolae_shop_gadgets, uniq_grum, uniq_maurice
D:9:      layout_basic, mainiacjoe_overflow_six_doors_small,
          nzn_hepliaklqana_mist_gate, solitary_fountain, serial_bayou_lake_a,
          uniq_prince_ribbit1
D:10:     layout_loops_corners, mainiacjoe_overflow_alcove_2, erik_orc_1,
          corner_web_ring, grunt_ministairs_3
D:11:     layout_long_grid, dpeg_oklobed_lair, fountainhead, serial_park_tiny_2
D:12:     layout_gridville, gauntlet_entry_generic, tgw_lugonu_bribe, uniq_snorg
D:13:     layout_irregular_city, david_vaults_5, ebering_ghost_disaster_area,
          nicolae_specific_store
D:14:     kennysheep_spiral_hall, layout_small_grid, serial_shops,
          nicolae_shop_advertising_works [nicolae_subvault_shop_adworks],
          hangedman_abyss_or_decor_slice
D:15:     gammafunk_enter_depths_forms, layout_irregular_city, dk_noncrumbling_3
Temple:   nicolae_temple_bog_church
Lair:1:   layout_roguey, grunt_megastairs_2
Lair:2:   layout_gridlike
Lair:3:   layout_gridlike, minmay_swamp_entry_eels,
          nicolae_spider_entry_lesser_pyramids, roderic_batcave,
          lemuel_fruit_fields, uniq_nergalle, uniq_fannar
Lair:4:   layout_cave_pods, minmay_slime_entry_jelly_boxes,
          serial_bayou_shore_b, serial_bayou_shore_a, uniq_nessos
Lair:5:   minmay_lair_end_enchanted_forest, layout_hall_layers
Spider:1: layout_chambers
Spider:2: layout_spider_delve, gammafunk_ghost_mausoleum,
          hangedman_spider_trapstep
Spider:3: layout_chambers, nicolae_spider_cling_halls
Orc:1:    layout_caves, uniq_gastronok
Orc:2:    grunt_orc_cross, layout_caves, serial_shops, shop, minmay_shop_mayhem,
          nicolae_orc_stony_grotto

Skill      XL: |  1  2  3  4  5  6  7  8  9 10 11 12 13 14 15 16 |
---------------+-------------------------------------------------+-----
Axes           | 1 2 3 4 6 8 9 11 13 16 20 | 20.0
Stealth        | 1 2 3 4 |  4.8
Fighting       | 3 4 5 6 7 8 9 10 12 14 | 14.8
Ranged Weapons | 5 6 7 8 10 11 13 14 16 17 | 17.4
Evocations     | 1 3 5 6 8 9 |  9.0
Armour         | 7 |  7.9
Dodging        | 5 6 |  6.2
Maces & Flails | 3 6 |  6.0

Action                     |  1- 3 |  4- 6 |  7- 9 | 10-12 | 13-15 | 16-18 || total
---------------------------+-------+-------+-------+-------+-------+-------++-------
  Melee: Hand axe          |    25 |    55 |     7 |       |       |       ||    87
         Headbutt          |     5 |    15 |    31 |    73 |   130 |     7 ||   261
         Flail             |       |       |    49 |       |       |       ||    49
         Battleaxe         |       |       |    89 |   355 |   570 |    32 ||  1046
         Executioner's axe |       |       |       |       |    15 |       ||    15
         Great mace        |       |       |       |       |    15 |    12 ||    27
   Fire: Shortbow          |    68 |    28 |    59 |    43 |       |       ||   198
         Arbalest          |       |       |       |   129 |   270 |    36 ||   435
  Throw: Stone             |     1 |       |       |       |       |       ||     1
         Boomerang         |       |       |       |       |    14 |       ||    14
 Invoke: Berserk           |       |       |     8 |    20 |    12 |     2 ||    42
         Trog's Hand       |       |       |     1 |    15 |    21 |     1 ||    38
         Brothers in Arms  |       |       |       |       |     2 |       ||     2
  Evoke: Wand              |       |       |       |    19 |    26 |       ||    45
         Condenser vane    |       |       |       |     2 |     1 |       ||     3
         Tin of tremorston |       |       |       |     2 |     1 |       ||     3
         Phial of floods   |       |       |       |       |     1 |       ||     1
    Use: Scroll            |     8 |     1 |     8 |    11 |    20 |     1 ||    49
         Potion            |       |       |     1 |       |     4 |       ||     5
   Stab: Sleeping          |       |       |     1 |       |       |       ||     1
         Invisible         |       |       |       |       |     1 |       ||     1
 Armour: Ring mail         |     3 |    20 |    23 |       |       |       ||    46
         Scale mail        |     6 |     4 |       |       |       |       ||    10
         Chain mail        |       |       |    68 |    12 |       |       ||    80
         Plate armour      |       |       |       |   213 |   500 |    90 ||   803
  Dodge: Dodged            |    34 |    33 |    79 |   242 |   354 |    48 ||   790
  Block: Other             |     8 |    11 |    49 |   121 |   170 |       ||   359
         Reflection        |       |       |     6 |     6 |    18 |       ||    30

Table legend: (Time is in decaauts)
 A = Elapsed time spent in this place.
 B = Non-inter-level travel time spent in this place.
 C = Inter-level travel time spent in this place.
 D = Time resting spent in this place.
 E = Time spent auto-exploring this place.
 F = Levels seen in this place.
 G = Mean time per level.
                   A        B        C        D        E       F      G
               +--------+--------+--------+--------+--------+-----+--------+
         Total |  39023 |  35439 |   3584 |  13826 |  16122 |  27 | 1445.3 |
       Dungeon |  20024 |  17468 |   2556 |   4503 |  10085 |  15 | 1334.9 |
        Temple |     26 |     15 |     11 |      0 |      3 |   1 |   26.0 |
          Lair |   8343 |   7670 |    673 |   2918 |   3592 |   5 | 1668.6 |
   Spider Nest |   3978 |   3815 |    163 |   1711 |   1674 |   3 | 1326.0 |
  Orcish Mines |   6205 |   6026 |    179 |   4424 |    755 |   2 | 3102.5 |
      Gauntlet |    444 |    444 |      0 |    268 |     12 |   1 |  444.0 |
               +--------+--------+--------+--------+--------+-----+--------+

Top non-repeatable levels by time:
   Orc:2: 4718 daAuts
  Lair:3: 2550 daAuts
Spider:1: 2503 daAuts
     D:6: 2222 daAuts
  Lair:5: 2155 daAuts
    D:10: 2092 daAuts
     D:7: 1724 daAuts
    D:15: 1688 daAuts
    D:14: 1583 daAuts
     D:9: 1580 daAuts
  Lair:2: 1489 daAuts
   Orc:1: 1487 daAuts
     D:8: 1461 daAuts
    D:13: 1457 daAuts
Spider:2: 1427 daAuts
